[Event "Team 45 45 League T81"]
[Site "Internet Chess Club"]
[Date "2019.07.13"]
[Round "3"]
[White "Monterrey"]
[Black "cool64chess"]
[Result "0-1"]
[WhiteElo "1977"]
[BlackElo "1931"]
[Opening "QGD: exchange, positional line"]
[ECO "D35"]
[Time "21:07:37"]
[TimeControl "2700+45"]

1. d4 d5 2. c4 e6 3. Nc3 Nf6 4. cxd5 exd5 5. Bg5 Be7 6. e3 h6 7. Bf4 O-O 8. Bd3
Bd6 9. Nge2 Bxf4 10. Nxf4 c6 11. Qc2 Re8 12. h3 Qd6 13. O-O-O b5 14. g4 Na6 15.
Rhg1 Nb4 16. Qb3 g5 17. Nfe2 a5 18. a3 Nxd3+ 19. Rxd3 b4 20. Na4 Ba6 21. Ng3
Bxd3 22. Qxd3 bxa3 23. bxa3 Ne4 24. Nf5 Qf6 25. f3 Nd6 26. Nc5 Ra7 27. Rg2 Nxf5
28. gxf5 Rae7 29. e4 dxe4 30. fxe4 Qd6 31. Qe3 Rd8 32. Rxg5+ hxg5 33. Qxg5+ Kf8
34. f6 Rxe4 35. Nxe4 Qxa3+ 36. Kc2 Qa2+ 37. Kc3 Qa1+ 38. Kc2 Qa4+ 39. Kc1 Qc4+
{White resigns} 0-1

[Event "Team 45 45 League T81"]
[Site "Internet Chess Club"]
[Date "2019.07.12"]
[Round "3"]
[White "room-matt"]
[Black "cayo89"]
[Result "1/2-1/2"]
[WhiteElo "1776"]
[BlackElo "1680"]
[Opening "Pirc defense"]
[ECO "B07"]
[Time "15:03:14"]
[TimeControl "2700+45"]

1. e4 d6 2. d4 Nf6 3. Nc3 e5 4. f4 exd4 5. Qxd4 Nc6 6. Bb5 Bd7 7. Qf2 Be7 8. Nf3
a6 9. Bd3 O-O 10. O-O Re8 11. a3 Bf8 12. f5 Ne5 13. Nxe5 dxe5 14. Bg5 Be7 15.
Be2 Bc6 16. Rad1 Qc8 17. Qe3 b5 18. Bxf6 Bxf6 19. Nd5 Bxd5 20. Rxd5 Qb7 21. Rfd1
Rad8 22. Bf3 c6 23. R5d2 Qc7 24. Qb3 Rxd2 25. Rxd2 Rd8 26. Rxd8+ Qxd8 27. Kf1
Kf8 28. Ke2 Qd4 29. c3 Qd6 30. g3 Bg5 31. Qc2 Qc5 32. Qd3 Ke7 33. h4 Bc1 34. b4
Qg1 35. g4 Qh2+ 36. Kd1 Qg1+ 37. Kc2 Bxa3 38. Qd2 f6 39. Be2 Qa1 40. g5 Qa2+ 41.
Kd3 Qb1+ 42. Qc2 Qg1 43. Qb3 Bc1 44. Qe6+ Kd8 45. Qd6+ Kc8 46. Qxc6+ Kb8 47.
Qd6+ Kb7 48. Qe7+ Kb8 49. Qf8+ Kb7 50. Qxg7+ Kb8 51. Qf8+ Kb7 52. Qe7+ Kb8 53.
Qd8+ Kb7 54. Qd7+ Kb8 55. Qd6+ Kb7 56. Qd5+ Kb8 57. Kc2 Be3 {Game drawn by
mutual agreement} 1/2-1/2

[Event "Team 45 45 League T81"]
[Site "Internet Chess Club"]
[Date "2019.07.13"]
[Round "3"]
[White "cpic2363"]
[Black "MathBandit"]
[Result "0-1"]
[WhiteElo "1474"]
[BlackElo "1681"]
[Opening "French: Tarrasch, open variation"]
[ECO "C07"]
[Time "15:06:02"]
[TimeControl "2700+45"]

1. e4 e6 2. d4 d5 3. Nd2 c5 4. Bb5+ Nc6 5. Ne2 a6 6. Bxc6+ bxc6 7. O-O cxd4 8.
Nxd4 c5 9. N4f3 Nf6 10. exd5 exd5 11. Re1+ Be7 12. Ne5 Qc7 13. Ndf3 O-O 14. Bg5
h6 15. Bh4 Be6 16. Bg3 Ne4 17. Ng6 Nxg3 18. Nxf8 Rxf8 19. hxg3 Rb8 20. b3 Bf6
21. Rb1 Qa5 22. a4 Bf5 23. Qxd5 Bxc2 24. Rbc1 Rd8 25. Qc4 Bd3 26. Qxc5 Qxc5 27.
Rxc5 Rb8 28. Ne5 Rxb3 29. Nxd3 Rxd3 30. Ra5 Bc3 31. Re8+ Kh7 32. Rxa6 Rd2 33.
Re4 Rd1+ 34. Kh2 Rd2 35. Rf4 f6 36. Rf3 Be5 37. Ra3 Rxf2 38. a5 Rf5 39. Ra8 Bd4
40. Kh3 g5 41. a6 Rf1 42. a7 g4+ 43. Kh2 Bg1+ 44. Kh1 Bxa7+ {White resigns} 0-1

[Event "Team 45 45 League T81"]
[Site "Internet Chess Club"]
[Date "2019.07.11"]
[Round "3"]
[White "President"]
[Black "g8wrb"]
[Result "1-0"]
[WhiteElo "1678"]
[BlackElo "1323"]
[Opening "Nimzovich-Larsen attack: modern variation"]
[ECO "A01"]
[Time "10:07:52"]
[TimeControl "2700+45"]

1. b3 e5 2. Bb2 Nc6 3. e3 d5 4. Bb5 Bd6 5. Nf3 Qe7 6. d4 f6 7. dxe5 fxe5 8. Qxd5
Nf6 9. Bxc6+ Kf8 10. Qc4 Be6 11. Qa4 bxc6 12. Qxc6 Bd5 13. Qa6 Qe6 14. Nbd2 Bxf3
15. gxf3 Kf7 16. Qc4 Qxc4 17. Nxc4 Rhe8 18. Ke2 Rad8 19. Rad1 e4 20. Nxd6+ Rxd6
21. Rxd6 exf3+ 22. Kxf3 cxd6 23. Bxf6 gxf6 24. Rd1 Rd8 25. Rd5 Rd7 26. c4 Ke6
27. Kf4 Rg7 28. Ra5 h6 29. Kf3 Rb7 30. Ra6 Rc7 31. Kf4 Rb7 32. h4 h5 33. c5 Rd7
34. Rxd6+ Rxd6 35. cxd6 Kxd6 36. Kf5 {Black resigns} 1-0

[Event "Team 45 45 League T81"]
[Site "Internet Chess Club"]
[Date "2019.07.10"]
[Round "3"]
[White "cysk"]
[Black "trener"]
[Result "1/2-1/2"]
[WhiteElo "1774"]
[BlackElo "1745"]
[Opening "Scotch: Mieses variation"]
[ECO "C45"]
[Time "23:00:40"]
[TimeControl "2700+45"]

1. e4 e5 2. Nf3 Nc6 3. d4 exd4 4. Nxd4 Nf6 5. Nxc6 bxc6 6. e5 Qe7 7. Qe2 Nd5 8.
c4 Nb6 9. Nc3 g6 10. Ne4 Bg7 11. Bg5 Qb4+ 12. Qd2 Qxd2+ 13. Kxd2 Bxe5 14. Nf6+
Bxf6 15. Re1+ Kf8 16. Bxf6 Rg8 17. Bg5 f6 18. Bxf6 Kf7 19. Bd4 d6 20. Be2 c5 21.
Bc3 Bb7 22. f3 Rge8 23. Rhf1 a5 24. b3 a4 25. Bd3 axb3 26. axb3 Ra2+ 27. Bc2 d5
28. Kc1 d4 29. Bd2 Raa8 30. Bf4 c6 31. Bd6 Nd7 32. f4 Rxe1+ 33. Rxe1 Re8 34.
Rxe8 Kxe8 35. f5 Kf7 36. g4 g5 37. h3 Kf6 38. Kd2 h6 39. Kd3 Ne5+ 40. Ke4 Nd7
{Game drawn by mutual agreement} 1/2-1/2

[Event "Team 45 45 League T81"]
[Site "Internet Chess Club"]
[Date "2019.07.12"]
[Round "3"]
[White "MacroPawn"]
[Black "ChessRooklift"]
[Result "1-0"]
[WhiteElo "1725"]
[BlackElo "1684"]
[Opening "English: four knights, kingside fianchetto"]
[ECO "A29"]
[Time "20:01:04"]
[TimeControl "2700+45"]

1. c4 Nc6 2. Nf3 e5 3. Nc3 Nf6 4. g3 Bc5 5. d3 d6 6. Bg2 h6 7. O-O Be6 8. a3 a5
9. e3 Ba7 10. Qb3 Qd7 11. Nd5 Bxd5 12. cxd5 Ne7 13. e4 O-O 14. Bd2 a4 15. Qc2
Ng6 16. Rac1 Rfc8 17. Be3 Bb8 18. d4 Ba7 19. dxe5 Bxe3 20. fxe3 Nxe5 21. Nd4 Ra6
22. Nf5 c6 23. Nxh6+ Kh7 24. Nf5 c5 25. Bh3 Rh8 26. Rf4 Kg8 27. Nh6+ Rxh6 28.
Bxd7 Nfxd7 29. Rcf1 Rb6 30. R1f2 Rb3 31. Qd2 Nc4 32. Qe2 Nde5 33. Rxf7 Rxb2 34.
Rf8+ Kh7 35. Qxb2 Nxb2 36. Rxb2 Ng4 37. Rxb7 Nxe3 38. Rbb8 Kg6 39. Rh8 Nc4 40.
Rxh6+ gxh6 41. Ra8 Nxa3 42. Rxa4 Nb5 43. Ra6 Kf6 44. Rb6 Nc3 45. Rxd6+ Ke5 46.
Re6+ Kd4 47. d6 {Black resigns} 1-0

[Event "Team 45 45 League T81"]
[Site "Internet Chess Club"]
[Date "2019.07.14"]
[Round "3"]
[White "Goli"]
[Black "nathanpillay"]
[Result "0-1"]
[WhiteElo "1666"]
[BlackElo "1768"]
[Opening "French: exchange variation"]
[ECO "C01"]
[Time "12:00:47"]
[TimeControl "2700+45"]

1. e4 e6 2. d4 d5 3. exd5 exd5 4. Bd3 Nc6 5. Ne2 Nb4 6. Bb5+ Bd7 7. Bxd7+ Qxd7
8. a3 Nc6 9. Nbc3 Nf6 10. Bf4 Bd6 11. Qd2 O-O-O 12. f3 Rhe8 13. O-O-O Na5 14.
Bxd6 Qxd6 15. Rhe1 h6 16. g3 Nc4 17. Qd3 Re3 18. Qf5+ Kb8 19. Rd3 Rde8 20. Rxe3
Rxe3 21. Nd1 Rxa3 22. Nec3 Ra1+ 23. Nb1 a6 24. Qd3 Nd7 25. Qc3 b5 26. b3 Qa3+
27. Nb2 b4 {White resigns} 0-1

[Event "Team 45 45 League T81"]
[Site "Internet Chess Club"]
[Date "2019.07.14"]
[Round "3"]
[White "ivanson"]
[Black "Egmont"]
[Result "1/2-1/2"]
[WhiteElo "1653"]
[BlackElo "1617"]
[Opening "French: Tarrasch"]
[ECO "C03"]
[Time "13:00:22"]
[TimeControl "2700+45"]

1. e4 e6 2. d4 d5 3. Nd2 Be7 4. Bd3 c5 5. dxc5 Bxc5 6. Ngf3 Nf6 7. e5 Nfd7 8.
O-O Nc6 9. Nb3 Be7 10. Re1 O-O 11. c3 f5 12. exf6 Nxf6 13. Nbd4 e5 14. Nxc6 bxc6
15. Nxe5 Qc7 16. Bf4 Bd6 17. Bg3 Bd7 18. Nxd7 Qxd7 19. Bxd6 Qxd6 20. h3 Qf4 21.
Qc2 c5 22. c4 d4 23. Re2 h6 24. Rae1 Rae8 25. Bh7+ Kh8 26. Rxe8 Rxe8 27. Rxe8+
Nxe8 28. Bg6 Qe5 29. Qe4 Qxe4 30. Bxe4 Nd6 31. Bd5 a5 32. Kf1 Kh7 33. Ke2 Kg6
34. Kd3 Kf5 35. g3 g5 36. f3 {Game drawn by mutual agreement} 1/2-1/2

[Event "Team 45 45 League T81"]
[Site "Internet Chess Club"]
[Date "2019.07.14"]
[Round "3"]
[White "laurenpar"]
[Black "cool64chess"]
[Result "1/2-1/2"]
[WhiteElo "1897"]
[BlackElo "1929"]
[Opening "Nimzovich-Larsen attack: classical variation"]
[ECO "A01"]
[Time "03:00:50"]
[TimeControl "2700+45"]

1. b3 d5 2. Bb2 Nf6 3. Nf3 e6 4. e3 Be7 5. d4 O-O 6. Nbd2 c5 7. Bd3 a6 8. O-O b5
9. c4 cxd4 10. exd4 dxc4 11. bxc4 bxc4 12. Nxc4 Nc6 13. Rc1 Bb7 14. Bb1 Rb8 15.
Re1 Qd5 16. Ne3 Qb5 17. Ba1 Bb4 18. Bc3 Rfd8 19. Bxb4 Qxb4 20. Nc2 Qb2 21. Re3
Ba8 22. Ng5 Nxd4 23. Nxd4 Rxd4 24. Qe1 Bd5 25. Bd3 Qb7 26. Qc3 Rb4 27. Rg3 h6
28. Nxe6 fxe6 29. Qxf6 Qf7 30. Qxh6 Be4 31. Bxe4 Rxe4 32. Qg5 Rf4 33. Qe5 Rfb4
34. h3 Rb1 35. Rxb1 Rxb1+ 36. Kh2 Rb5 37. Qd4 Rf5 38. Qd8+ Kh7 39. Qd3 g6 40.
Rf3 a5 41. Rxf5 exf5 42. Qb3 Qc7+ 43. g3 Qc5 44. Kg2 Qc6+ 45. Qf3 Qe6 46. Qb7+
Kh6 47. Qb2 Qd5+ 48. Kh2 Kh7 49. h4 Qf3 50. Qd2 a4 51. Qe3 Qd5 52. Qe7+ Kh6 53.
Qg5+ Kh7 54. Qe7+ Kh6 55. Qg5+ {Game drawn by mutual agreement} 1/2-1/2

[Event "Team 45 45 League T81"]
[Site "Internet Chess Club"]
[Date "2019.07.10"]
[Round "3"]
[White "wildkingdumb6"]
[Black "Otelo"]
[Result "0-1"]
[WhiteElo "1496"]
[BlackElo "1659"]
[Opening "Réti: Nimzovich-Larsen attack"]
[ECO "A01"]
[Time "22:00:10"]
[TimeControl "2700+45"]

1. b3 d5 2. Nf3 Nf6 3. e3 e6 4. c4 c6 5. Bb2 Be7 6. d4 O-O 7. Bd3 Na6 8. cxd5
cxd5 9. Bxa6 Qa5+ 10. Qd2 Qxa6 11. Nc3 Bd7 12. Qe2 Qa5 13. O-O Bb4 14. Rac1 Rac8
15. Ne5 Bxc3 16. Bxc3 Rxc3 17. Nxd7 Nxd7 18. Qd2 Rfc8 19. Rc2 Qc7 20. Rb2 b5 21.
g3 b4 22. e4 dxe4 23. d5 Qd6 24. dxe6 Qxe6 25. Qf4 Ne5 26. Rd1 Nd3 {White
resigns} 0-1

[Event "Team 45 45 League T81"]
[Site "Internet Chess Club"]
[Date "2019.07.14"]
[Round "3"]
[White "bobhill"]
[Black "Demachaeron"]
[Result "1-0"]
[WhiteElo "1825"]
[BlackElo "1718"]
[Opening "Queen's bishop game"]
[ECO "D02"]
[Time "22:05:41"]
[TimeControl "2700+45"]

1. d4 d5 2. Nf3 Nf6 3. Bf4 Bf5 4. e3 Nbd7 5. Nbd2 e6 6. c3 Be7 7. Nh4 Bg6 8.
Nxg6 hxg6 9. Bd3 Bd6 10. Bxd6 cxd6 11. Qb3 Qb6 12. O-O Qxb3 13. axb3 a6 14. b4
Ke7 15. Nb3 Ra7 16. Ra3 Rha8 17. Rfa1 Nb6 18. b5 Ne8 19. bxa6 bxa6 20. Bxa6 Nc4
21. Bxc4 Rxa3 22. Rxa3 Rxa3 23. bxa3 dxc4 24. Nd2 d5 25. e4 Nc7 26. a4 Kd7 27.
f4 dxe4 28. Nxc4 Nd5 29. Ne5+ Ke7 30. c4 Nb4 31. Kf2 Nc2 32. a5 Kd6 33. Nxf7+
Kc7 34. d5 exd5 35. cxd5 Nb4 36. d6+ Kd7 37. Ke3 Nc6 38. a6 Ke6 39. Ne5 Na7 40.
d7 Ke7 41. Kxe4 Nb5 42. Kd3 Kd8 43. Kc4 Na7 44. Kc5 Kc7 45. g4 g5 46. f5 g6 47.
fxg6 Kd8 48. Kb6 Ke7 49. Kxa7 Kd8 50. Kb7 Ke7 51. a7 Kf6 52. d8=Q+ Kxe5 53.
Qxg5+ Ke6 54. Qf5+ Ke7 55. a8=Q Kd6 56. Qd8# {Black checkmated} 1-0

[Event "Team 45 45 League T81"]
[Site "Internet Chess Club"]
[Date "2019.07.16"]
[Round "3"]
[White "fledermaus"]
[Black "ben622"]
[Result "1/2-1/2"]
[WhiteElo "1880"]
[BlackElo "1950"]
[Opening "English opening"]
[ECO "A05"]
[Time "17:01:42"]
[TimeControl "2700+45"]

1. Nf3 Nf6 2. c4 g6 3. Nc3 d5 4. cxd5 Nxd5 5. Qa4+ Bd7 6. Qh4 Bc6 7. Qd4 Nf6 8.
Qxd8+ Kxd8 9. Ne5 Ke8 10. d4 Nfd7 11. Bf4 Bg7 12. Nxd7 Nxd7 13. O-O-O e5 14.
dxe5 Bxe5 15. Bxe5 Nxe5 16. e4 Ng4 17. Rd2 Rd8 18. f3 Ne3 19. Bb5 Rxd2 20. Kxd2
Nxg2 21. Bxc6+ bxc6 22. Rg1 Nf4 23. Ke3 Ne6 24. Na4 Kd7 25. f4 f5 26. Rd1+ Ke7
27. Rc1 fxe4 28. Rxc6 Rf8 29. Nc5 Nxc5 30. Rxc5 Kd6 31. Ra5 Rf5 32. Ra6+ Kd5 33.
Rxa7 Rh5 34. Rxc7 Rh3+ 35. Kd2 Rxh2+ 36. Kc3 e3 37. Re7 e2 38. a4 Rf2 39. a5
Rf3+ 40. Kc2 Rxf4 41. Rxe2 Ra4 42. Rh2 Rxa5 {Game drawn by mutual agreement}
1/2-1/2

[Event "Team 45 45 League T81"]
[Site "Internet Chess Club"]
[Date "2019.07.14"]
[Round "3"]
[White "ArturitoGalacti"]
[Black "LookImYourVader"]
[Result "1-0"]
[WhiteElo "1833"]
[BlackElo "1810"]
[Opening "English: Anglo-Grünfeld defense"]
[ECO "A16"]
[Time "17:04:20"]
[TimeControl "2700+45"]

1. c4 Nf6 2. Nc3 d5 3. cxd5 Nxd5 4. Qb3 c6 5. e4 Nxc3 6. dxc3 Qb6 7. Be3 Qxb3 8.
axb3 a6 9. Bd3 Bg4 10. Ne2 e5 11. b4 Nd7 12. Bc4 b5 13. Bb3 Be7 14. f3 Bh4+ 15.
Ng3 Bh5 16. Ke2 Bg6 17. Ra2 Bxg3 18. hxg3 f5 19. exf5 Bxf5 20. Rha1 Nb8 21. Bc5
Kd7 22. Rd1+ Kc7 23. g4 Bc8 24. Bd6+ Kb7 25. Kf2 e4 26. Be5 Re8 27. Bxg7 exf3
28. gxf3 Be6 29. Bxe6 Rxe6 30. Rh1 Nd7 31. Bd4 Re7 32. b3 Rae8 33. Kg3 Rf7 34.
Rah2 Ree7 35. f4 Re4 36. Rf2 a5 37. bxa5 c5 38. Bh8 Re8 39. Be5 Rfe7 40. b4 cxb4
41. cxb4 Nxe5 42. fxe5 Kc6 43. Rh6+ Kd5 44. Rc2 Rxe5 45. Rxh7 Re3+ 46. Kh4 Re1
47. Rh5+ Kd4 48. Rcc5 Rh1+ 49. Kg5 Rg8+ 50. Kh6 Rg1 51. Rcg5 Rxg4 52. Rxg4+ Rxg4
53. Rxb5 Kc4 54. Rb8 Rg1 55. a6 Ra1 56. b5 Kc5 57. Rb7 Kd6 58. a7 Rh1+ 59. Kg5
Rg1+ 60. Kf4 Rf1+ 61. Kg3 Rg1+ 62. Kf2 Ra1 63. b6 Ra2+ 64. Ke3 Ra3+ 65. Kd2 Kc6
66. Rb8 Ra2+ 67. Kc3 {Black resigns} 1-0

[Event "Team 45 45 League T81"]
[Site "Internet Chess Club"]
[Date "2019.07.11"]
[Round "3"]
[White "jonesey"]
[Black "Ajolote"]
[Result "0-1"]
[WhiteElo "1807"]
[BlackElo "1949"]
[Opening "Sicilian defense"]
[ECO "B20"]
[Time "21:02:52"]
[TimeControl "2700+45"]

1. e4 c5 2. c4 e6 3. Nc3 Nc6 4. g3 Nge7 5. Bg2 Nd4 6. Nge2 Nec6 7. d3 Be7 8. a3
a6 9. Be3 Rb8 10. Rb1 O-O 11. O-O b5 12. cxb5 axb5 13. b3 Qa5 14. Ra1 Bf6 15.
Ra2 d6 16. a4 Nb4 17. Rd2 bxa4 18. Nxa4 Ba6 19. Qb1 Nxe2+ {White resigns} 0-1

[Event "Team 45 45 League T81"]
[Site "Internet Chess Club"]
[Date "2019.07.13"]
[Round "3"]
[White "santiagoelawad"]
[Black "Zebbile"]
[Result "1-0"]
[WhiteElo "1924"]
[BlackElo "1716"]
[Opening "English: Anglo-Grünfeld defense"]
[ECO "A16"]
[Time "11:08:43"]
[TimeControl "2700+45"]

1. c4 Nf6 2. Nc3 d5 3. cxd5 Nxd5 4. Nf3 g6 5. e4 Nxc3 6. dxc3 Qxd1+ 7. Kxd1 Bg7
8. Kc2 c5 9. Be3 b6 10. h4 Bb7 11. Nd2 Nc6 12. h5 O-O-O 13. a4 Kb8 14. f3 Rc8
15. Bc4 e6 16. Bf1 Rcd8 17. Nb3 a5 18. Nd2 Ka7 19. Be2 Ba6 20. Bxa6 Kxa6 21.
Rad1 f5 22. Bg5 Rd7 23. hxg6 hxg6 24. Rxh8 Bxh8 25. Rh1 Be5 26. Rh6 Rg7 27. f4
Bc7 28. e5 Bd8 29. Nf3 Bxg5 30. Nxg5 Nd8 31. Rh8 Rd7 32. Rg8 Kb7 33. Rxg6 Re7
34. Kd3 Kc7 35. Kc4 Kc6 36. Rg8 Rd7 37. Rg6 Re7 38. Rh6 Re8 39. Rh7 Rg8 40. Re7
Rg6 41. Kd3 Rh6 42. Ke3 Rg6 43. Kf3 b5 44. axb5+ Kxb5 45. Re8 Nc6 46. Rxe6 Rg7
47. Ke3 c4 48. Rf6 Ne7 49. Kd4 Nc6+ 50. Kd5 Ne7+ 51. Ke6 Ka4 52. Rf8 Ng8 53.
Kxf5 Nh6+ 54. Ke4 Rb7 55. Rc8 Rxb2 56. Rxc4+ Kb3 57. Rc6 Rxg2 58. Rxh6 a4 59.
Ra6 a3 60. e6 a2 61. Kf5 Kxc3 62. e7 Re2 63. Ne6 {Black resigns} 1-0

[Event "Team 45 45 League T81"]
[Site "Internet Chess Club"]
[Date "2019.07.14"]
[Round "3"]
[White "achessman"]
[Black "jjmolina"]
[Result "1-0"]
[WhiteElo "1871"]
[BlackElo "1687"]
[Opening "Neo-Grünfeld, 6.O-O, main line"]
[ECO "D79"]
[Time "06:12:30"]
[TimeControl "2700+45"]

1. Nf3 Nf6 2. g3 g6 3. Bg2 Bg7 4. c4 d5 5. O-O c6 6. d4 O-O 7. cxd5 cxd5 8. Nc3
Nc6 9. Ne5 e6 10. Nxc6 bxc6 11. Na4 Nd7 12. e3 Ba6 13. Re1 Rb8 14. b3 Re8 15.
Ba3 Qa5 16. Rc1 Bb5 17. Bd6 Rbc8 18. Nc3 Ba6 19. Na4 Bb5 20. Nc5 Nxc5 21. Bxc5
Qxa2 22. Ra1 Qb2 23. Rxa7 Qc3 24. b4 Ra8 25. Qa1 Qxa1 26. Rexa1 Rxa7 27. Rxa7
Bf8 28. Bf1 Bxc5 29. bxc5 Bxf1 30. Kxf1 Rc8 31. Ke2 Kg7 32. Kd3 Kf6 33. g4 g5
34. Kc3 h6 35. h3 Kg6 36. Rd7 Kf6 37. Rb7 Kg6 38. Kb4 f5 39. Ka5 Re8 40. Rc7
Ra8+ 41. Kb6 f4 42. Kxc6 Ra2 43. Kd6 f3 44. Kxe6 Rxf2 45. Rf7 Rf1 46. Rf6+ Kg7
47. Rf5 f2 48. Kxd5 Re1 49. Rxf2 Rxe3 50. c6 {Black resigns} 1-0

[Event "Team 45 45 League T81"]
[Site "Internet Chess Club"]
[Date "2019.07.12"]
[Round "3"]
[White "LinceHispano44"]
[Black "cadmiumorange"]
[Result "1-0"]
[WhiteElo "1768"]
[BlackElo "1787"]
[Opening "Réti opening"]
[ECO "A04"]
[Time "09:00:13"]
[TimeControl "2700+45"]

1. Nf3 g6 2. d3 Bg7 3. c4 e5 4. Nc3 d6 5. g3 Ne7 6. Bg2 f5 7. h4 Nbc6 8. h5 h6
9. hxg6 Nxg6 10. Nh4 Nxh4 11. Rxh4 Be6 12. Qa4 Qd7 13. Bd2 Nd4 14. Qxd7+ Kxd7
15. O-O-O e4 16. Rdh1 Rag8 17. Bxh6 Bf6 18. R4h2 exd3 19. exd3 Rxh6 20. Rxh6
Bg5+ 21. Kb1 Bxh6 22. Rxh6 f4 23. Ne4 Rg7 24. Nf6+ Ke7 25. Nh5 f3 26. Bxf3 Rf7
27. Bxb7 Rxf2 28. a3 Bf5 29. Nf4 Bg4 30. Rh1 c6 31. Re1+ Kf6 32. b4 Nb3 33. Bxc6
Nd2+ 34. Kb2 Nf3+ 35. Re2 Rxe2+ 36. Nxe2 Ne5 37. Nd4 Nxd3+ 38. Kc3 Ne5 39. Bd5
Bd7 40. b5 Kg5 41. Nc6 Nxc6 42. Bxc6 Bc8 43. a4 Kg4 44. a5 Kxg3 45. a6 Kf4 46.
Bb7 {Black resigns} 1-0

[Event "Team 45 45 League T81"]
[Site "Internet Chess Club"]
[Date "2019.07.11"]
[Round "3"]
[White "backrankbrawler"]
[Black "Portola"]
[Result "0-1"]
[WhiteElo "1724"]
[BlackElo "1762"]
[Opening "Queen's pawn game"]
[ECO "D05"]
[Time "19:00:52"]
[TimeControl "2700+45"]

1. d4 d5 2. Nf3 Nf6 3. e3 e6 4. Bd3 Be7 5. O-O O-O 6. Nbd2 Nbd7 7. c3 b6 8. e4
dxe4 9. Nxe4 Bb7 10. Ng3 c5 11. Ne5 Nxe5 12. dxe5 Qd5 13. f3 Qxe5 14. Re1 Qc7
15. Bg5 Rad8 16. Qe2 h6 17. Be3 Rd7 18. Bb5 Bc6 19. Rad1 Rfd8 20. Rxd7 Rxd7 21.
Bc4 Bd6 22. Bf2 Bf4 23. Nf1 Bd5 24. Bb5 Rd8 25. g3 Bd6 26. b3 Bc6 27. Bc4 Qb7
28. Ba6 Qa8 29. Nd2 Bc7 30. Bd3 Rd7 31. Bc4 b5 32. Bd3 Qd8 33. Ne4 Rxd3 {White
resigns} 0-1

[Event "Team 45 45 League T81"]
[Site "Internet Chess Club"]
[Date "2019.07.13"]
[Round "3"]
[White "justice02"]
[Black "Egmont"]
[Result "1-0"]
[WhiteElo "1640"]
[BlackElo "1603"]
[Opening "Queen's pawn game, Darooha variation "]
[ECO "D02"]
[Time "10:00:50"]
[TimeControl "2700+45"]

1. Nf3 d5 2. d4 Nf6 3. g3 c6 4. Bg2 Bf5 5. O-O e6 6. c4 Bd6 7. Nbd2 h6 8. Qb3
Qc8 9. Re1 Nbd7 10. a3 O-O 11. Nh4 Bh7 12. f4 Ne4 13. f5 Nxg3 14. hxg3 Bxg3 15.
Qxg3 exf5 16. cxd5 cxd5 17. Bxd5 Nf6 18. Bg2 {Black resigns} 1-0

[Event "Team 45 45 League T81"]
[Site "Internet Chess Club"]
[Date "2019.07.14"]
[Round "3"]
[White "Constrictor"]
[Black "MathBandit"]
[Result "1/2-1/2"]
[WhiteElo "1531"]
[BlackElo "1674"]
[Opening "Nimzovich-Larsen attack: modern variation"]
[ECO "A01"]
[Time "20:00:50"]
[TimeControl "2700+45"]

1. b3 e5 2. Bb2 Nc6 3. e3 d5 4. Bb5 Bd6 5. f4 Qe7 6. Nf3 Bg4 7. Bxe5 Bxe5 8.
fxe5 Bxf3 9. Qxf3 Qxe5 10. O-O Nf6 11. Nc3 O-O 12. Bxc6 bxc6 13. Qf4 Qxf4 14.
Rxf4 Rfe8 15. Raf1 Re7 16. h3 {Game drawn by mutual agreement} 1/2-1/2

[Event "Team 45 45 League T81"]
[Site "Internet Chess Club"]
[Date "2019.07.15"]
[Round "3"]
[White "Chess4Him"]
[Black "Hal2001"]
[Result "0-1"]
[WhiteElo "1516"]
[BlackElo "1517"]
[Opening "Queen's pawn: London system"]
[ECO "A45"]
[Time "20:30:51"]
[TimeControl "2700+45"]

1. d4 Nf6 2. Bf4 c5 3. d5 d6 4. Nc3 a6 5. e4 b5 6. f3 Nbd7 7. a3 Bb7 8. Nge2 g6
9. Qd2 Bg7 10. Bh6 O-O 11. Bxg7 Kxg7 12. h4 Ne5 13. Nf4 h5 14. Be2 Bc8 15. Rg1
Bd7 16. Nd1 a5 17. Nf2 Qc8 18. N4h3 Nh7 19. g4 hxg4 20. fxg4 Nf6 21. Qg5 Nh7 22.
Qe3 f6 23. Nf4 b4 24. a4 c4 25. h5 g5 26. Ng6 Rf7 27. Qh3 c3 28. b3 Nf8 29. Rh1
e6 30. Nxe5 dxe5 31. O-O-O Kh6 32. Qe3 Qc7 33. Rhf1 Rc8 34. Nh3 Qc5 35. Qxc5
Rxc5 36. d6 Bc6 37. Nf2 Be8 38. Nd3 Rc8 39. Nf2 Rd8 40. Bc4 Rfd7 41. Nh3 Nh7 42.
Bxe6 Rxd6 43. Bf5 Rxd1+ 44. Rxd1 Rxd1+ 45. Kxd1 Bc6 46. Nf2 Nf8 47. Nd3 Nd7 48.
Ke2 Kg7 49. Bxd7 Bxd7 50. Nc5 Bxg4+ 51. Ke3 Bxh5 52. Nb7 g4 53. Nxa5 g3 54. Nc6
Bg6 55. Nxb4 Bxe4 56. Na2 Bxc2 57. b4 Bxa4 58. Nxc3 Bc6 59. Ne2 g2 60. Kf2 f5
61. Ng3 Kg6 62. Ne2 Kg5 63. Ng1 Kg4 64. Ne2 f4 65. Kg1 Kf3 66. Nc3 Ke3 67. b5
Bb7 68. b6 f3 69. Nd1+ Ke2 70. Nf2 e4 71. Nh3 Ke1 72. Nf2 Ke2 73. Nh3 e3 74.
Nf4+ Kd2 {White resigns} 0-1

[Event "Team 45 45 League T81"]
[Site "Internet Chess Club"]
[Date "2019.07.14"]
[Round "3"]
[White "Gilguli"]
[Black "dld6928"]
[Result "1-0"]
[WhiteElo "1320"]
[BlackElo "1402"]
[Opening "Vienna gambit"]
[ECO "C29"]
[Time "14:30:25"]
[TimeControl "2700+45"]

1. e4 e5 2. Nc3 Nf6 3. f4 d5 4. exd5 Nxd5 5. Nxd5 Qxd5 6. Qe2 Nc6 7. fxe5 Nd4 8.
Qd3 Bc5 9. Ne2 O-O 10. c3 Bf5 11. Nf4 Bxd3 12. Nxd5 Nc2+ 13. Kd1 Nxa1 14. Bxd3
Rad8 15. Be4 c6 16. Nf4 Rfe8 17. d4 Bxd4 18. cxd4 Rxd4+ 19. Bd3 Red8 20. Ke2 g5
21. Be3 gxf4 22. Bxd4 Rxd4 23. Rxa1 Rd5 24. Rd1 Rxe5+ 25. Kf3 Rd5 26. Bxh7+ Kxh7
27. Rxd5 cxd5 28. Kxf4 Kg6 29. Ke5 Kg5 30. Kxd5 f5 31. Ke5 f4 32. h4+ Kxh4 33.
Kxf4 Kh5 34. g4+ Kg6 35. g5 a6 36. Ke5 Kxg5 37. Kd6 Kf4 38. Kc7 Ke4 39. Kxb7 Kd3
40. Kxa6 Kc2 41. b4 {Black resigns} 1-0

[Event "Team 45 45 League T81"]
[Site "Internet Chess Club"]
[Date "2019.07.10"]
[Round "3"]
[White "RD1974"]
[Black "VictorRed"]
[Result "1/2-1/2"]
[WhiteElo "1575"]
[BlackElo "1706"]
[Opening "QGD: 4.Bg5"]
[ECO "D50"]
[Time "18:37:28"]
[TimeControl "2700+45"]

1. d4 e6 2. c4 d5 3. Nc3 Nf6 4. Bg5 c6 5. e4 Be7 6. e5 Nfd7 7. Be3 O-O 8. Bd3 f5
9. f4 Bh4+ 10. g3 Be7 11. Nf3 Nb6 12. c5 N6d7 13. O-O b6 14. b4 b5 15. Ng5 Bxg5
16. fxg5 g6 17. Ne2 Rf7 18. h4 Nf8 19. Nf4 a5 20. a4 axb4 21. axb5 Rxa1 22. Qxa1
cxb5 23. Bxb5 Rb7 24. Qa4 Rxb5 25. Qxb5 Ba6 26. Qxb4 Bxf1 27. Kxf1 Nc6 28. Qb7
Na5 29. Qa6 Kf7 30. Bd2 Nc4 31. Qb7+ Qd7 32. Qxd7+ Nxd7 33. Ke2 Nb8 34. Be1 Nc6
35. Bc3 Na3 36. Kd3 Nb5 37. Bb2 Nb4+ 38. Kd2 Nc6 39. Ne2 Ke7 40. Ke3 Na5 41. Kd3
Nc4 42. Bc3 Kf7 43. Nc1 Ke7 44. Na2 Kd7 45. Nb4 Nxc3 46. Kxc3 Ne3 47. Nd3 Nf1
48. Nf4 Nxg3 49. Kb4 Nh5 50. Nd3 Kc6 51. Ne1 Ng3 52. Nf3 {Game drawn by mutual
agreement} 1/2-1/2

[Event "Team 45 45 League T81"]
[Site "Internet Chess Club"]
[Date "2019.07.14"]
[Round "3"]
[White "Andaluz"]
[Black "scostanzo212"]
[Result "1-0"]
[WhiteElo "1286"]
[BlackElo "1532"]
[Opening "Sicilian: Sozin attack"]
[ECO "B86"]
[Time "12:03:33"]
[TimeControl "2700+45"]

1. e4 c5 2. Nf3 d6 3. Bc4 Nf6 4. Nc3 e6 5. d4 cxd4 6. Nxd4 Be7 7. O-O O-O 8. Be3
Nxe4 9. Nxe4 d5 10. Bd3 dxe4 11. Bxe4 Nd7 12. c3 Nf6 13. Bc2 a6 14. Qd3 e5 15.
Bg5 g6 16. Nb3 Qxd3 17. Bxd3 Re8 18. Rad1 Nd7 19. Bxe7 Rxe7 20. Rfe1 f5 21. Bc4+
Kg7 22. Rd6 b5 23. Bd5 Ra7 24. Na5 Nb8 25. Bc6 Rac7 26. h3 Nxc6 27. Nxc6 Red7
28. Rxd7+ Rxd7 29. Nxe5 Rd2 30. Rb1 Be6 31. Nf3 Re2 32. Nd4 Bxa2 33. Nxe2 Bxb1
34. f4 Kf6 35. b4 Ke6 36. Kf2 Kd5 37. Ke3 Kc4 38. Kd2 Bd3 39. Ng3 Bb1 40. h4 Bd3
41. h5 Be4 42. hxg6 hxg6 43. Nxe4 fxe4 44. g4 e3+ 45. Kxe3 Kxc3 46. f5 gxf5 47.
gxf5 Kxb4 48. f6 Kc3 49. f7 b4 50. f8=Q b3 51. Qc5+ Kb2 52. Kd2 Ka2 53. Qa5+ Kb1
54. Qxa6 b2 55. Qb5 Ka2 56. Kc2 b1=Q+ 57. Qxb1+ Ka3 58. Qb3# {Black checkmated}
1-0